 Dungeon Crawl Stone Soup version 0.23.2-1-ga50397a6bc (webtiles) character file.

Game seed: 12890077693381523709

41951 lenfi the Summoner (level 14, -1/111 HPs)
             Began as a Naga Venom Mage on Apr 18, 2019.
             Was a High Priest of Yredelemnul.
             Succumbed to a +3 morningstar of venom's poison
             ... on level 1 of the Elven Halls on Apr 28, 2019.
             The game lasted 09:46:30 (34428 turns).

lenfi the Summoner (Naga Venom Mage)               Turns: 34428, Time: 09:46:31

Health: -1/111     AC:  9    Str: 11    XL:     14   Next: 17%
Magic:  0/31       EV: 10    Int: 20    God:    Yredelemnul [*****.]
Gold:   924        SH: 10    Dex: 12    Spells: 16/40 levels left

rFire    + . .     SeeInvis +   R - staff of air
rCold    . . .     Gourm    .   o - +1 buckler
rNeg     . . .     Faith    .   K - +2 robe {Archmagi}
rPois    +         Spirit   +   s - +1 hat
rElec    +         Reflect  +   m - scarf {Spirit}
rCorr    .         Harm     .   T - +0 pair of gloves
MR       ++...                  (no barding)
Stlth    +++.......             W - +5 amulet of reflection
HPRegen  0.28/turn              P - ring of protection from magic
MPRegen  0.22/turn              l - ring of protection from fire

@: lethally poisoned (-1 -> -11), very slow
A: large, see invisible, deformed body, poison resistance, slowness 2, slow
metabolism 1, spit poison 1, constrict 1, AC +4
a: Spit Poison, Recall Undead Slaves, Injury Mirror, Animate Dead, Drain Life,
Enslave Soul, Renounce Religion


You were on level 1 of the Elven Halls.
You worshipped Yredelemnul.
Yredelemnul was extremely pleased with you.
You were hungry.

You visited 3 branches of the dungeon, and saw 19 of its levels.

You collected 1947 gold pieces.
You spent 1023 gold pieces at shops.

Inventory:

Hand Weapons
 j - a +4 dagger of venom
 Y - a +8 dagger
Missiles
 p - 4 poisoned javelins (quivered)
Armour
 m - a scarf of spirit shield (worn)
 o - a +1 buckler (worn)
 s - a +1 hat (worn)
 x - a +0 robe of positive energy
 E - a +2 robe of fire resistance
 H - a +0 leather armour of cold resistance
 K - a +2 robe of the Archmagi (worn)
 M - a +2 robe of magic resistance
 T - a +0 pair of gloves (worn)
Magical Staves
 R - an uncursed staff of air (weapon)
Jewellery
 d - an uncursed ring of protection from magic
 l - a ring of protection from fire (right hand)
 q - an uncursed ring of protection from cold
 u - a +5 ring of evasion
 y - an uncursed ring of resist corrosion
 D - an uncursed ring of flight
 P - a ring of protection from magic (left hand)
 W - a +5 amulet of reflection (around neck)
Wands
 v - a wand of flame (47)
 w - a wand of clouds (7)
 z - a wand of disintegration (1)
 A - a wand of paralysis (12)
 B - a wand of digging (7)
 F - a wand of polymorph (14)
 G - a wand of acid (9)
 J - a wand of iceblast (16)
Scrolls
 a - 3 scrolls of enchant armour
 e - 8 scrolls of identify
 g - 6 scrolls of fog
 h - a scroll of torment
 i - 5 scrolls of teleportation
 k - a scroll of silence
 n - a scroll of fear
 r - 4 scrolls of immolation
 N - a scroll of amnesia
 S - 4 scrolls of remove curse
Potions
 b - 2 potions of might
 f - 2 potions of mutation
 t - 11 potions of curing
 C - a potion of haste
 I - a potion of flight
 L - 3 potions of lignification
 U - a potion of ambrosia
 Z - 4 potions of heal wounds
Comestibles
 c - 30 rations


   Skills:
 - Level 3.0 Fighting
 - Level 1.5 Dodging
 - Level 5.0 Stealth
 - Level 2.4 Shields
 + Level 13.8 Spellcasting
 - Level 3.0 Conjurations
 * Level 13.9 Summonings
 - Level 5.0 Ice Magic
 - Level 4.0 Air Magic
 - Level 8.0 Poison Magic
 - Level 6.0 Invocations
 - Level 3.0 Evocations


You had 16 spell levels left.
You knew the following spells:

 Your Spells              Type           Power        Failure   Level  Hunger
a - Summon Hydra          Summ           #######...   13%         7    #######
b - Poisonous Vapours     Pois/Air       ######       1%          2    None
c - Mephitic Cloud        Conj/Pois/Air  ######..     1%          3    None
d - Olgreb's Toxic Radia  Pois           ######..     1%          4    None
e - Summon Lightning Spi  Summ/Air       #######.     1%          4    None
f - Summon Ice Beast      Ice/Summ       ######..     1%          4    None

Your spell library contained the following spells:

 Spells                   Type           Power        Failure   Level  Hunger
 Summon Butterflies       Summ           #######.     0%          1    None
 Summon Small Mammal      Summ           ####         0%          1    None
 Magic Dart               Conj           ####         1%          1    None
 Sting                    Conj/Pois      ####         1%          1    None
 Call Imp                 Summ           #######.     1%          2    None
 Searing Ray              Conj           #####.       1%          2    None
 Call Canine Familiar     Summ           #######.     1%          3    None
 Summon Guardian Golem    Hex/Summ       ######..     1%          3    None
 Static Discharge         Conj/Air       ######..     3%          3    None
 Blink                    Tloc           N/A          7%          2    None
 Slow                     Hex            ###.....     7%          2    None
 Conjure Flame            Conj/Fire      ####....     8%          3    None
 Summon Mana Viper        Hex/Summ       ######..     8%          5    ####...
 Venom Bolt               Conj/Pois      ######....   13%         5    ####...


Dungeon Overview and Level Annotations

Branches:
Dungeon (15/15)            Temple (0/1) D:7            Lair (0/6) D:9
    Orc (2/2) D:12            Elf (2/3) Orc:2        Vaults (0/5) D:14
 Depths (0/5) D:15

Altars:
Ashenzari
Fedhas
Ru
Trog
Vehumet
Wu Jian
Yredelemnul
The Shining One
Beogh

Shops:
D:4 *   D:5 :   D:7 :   D:14 (   Orc:1 ?   Orc:2 [!*!   Elf:1 *   Elf:2 }

Annotations:
D:11 Nergalle


Innate Abilities, Weirdness & Mutations

You cannot wear boots.
Your serpentine skin is tough. (AC +4)
You have supernaturally acute eyesight. (SInv)
Armour fits poorly on your strangely shaped body.
Your system is resistant to poisons. (rPois)
You cover ground very slowly.
You have a slow metabolism.
You can spit poison.
You can use your snake-like lower body to constrict enemies.


Message History

* * * LOW HITPOINT WARNING * * *
You are poisoned.
The +2 scimitar of electrocution is engulfed in blazing flames.
Unknown command.
* * * LOW HITPOINT WARNING * * *
You feel very sick.
Your lost soul is engulfed in blazing flames.
The +2 scimitar of electrocution is engulfed in blazing flames.
The +3 morningstar of venom completely misses you.
The fire elemental misses you.
There is a stone staircase leading up here.
Unknown command.
You feel sick. The +3 morningstar of venom hits you!
* * * LOW HITPOINT WARNING * * *
You block the fire elemental's attack.
You block the +2 scimitar of electrocution's attack.
Your deep elf death mage beckons forth a restless soul!
You climb upwards.
You die...
Your body rises from the dead as a mindless zombie.

####.#...#.##...Z...#............
##.###.###........###........#
##...## #........# #........#
##### #........###.###.####
#.......#...##...##
##.....####.......#
##.###.####.......# #
#.#.((#...........# #
#.#.@.#.###.......# #
#.#...#.###.......# #
##.###....#.......###
##..................
##.......####......
###.......##.####.
##...##.##.#.... #.....#....#.##.
#.(.....###..##.


You could see 2 dancing weapons.

Vanquished Creatures
  3 vault guards (D:14)
  A hydra (D:13)
  A centaur warrior (D:14)
  A two-headed ogre (D:7)
  A dancing weapon (Elf:1)
  A deep elf knight (Elf:1)
  An unseen horror (D:13)
  3 deep elf archers (Elf:1)
  2 orc knights
  4 orc sorcerers (Orc:2)
  An ugly thing (D:14)
  8 deep elf magi
  2 cyclopes (Orc:2)
  A komodo dragon (shapeshifter) (D:15)
  2 trolls
  A hornet (D:8)
  A hippogriff (D:14)
  A flying skull (Orc:1)
  6 yaks
  4 humans (D:14)
  3 wyverns
  A warg (D:9)
  A water moccasin (D:9)
  2 sky beasts
  9 orc warriors
  A phantom (D:6)
  An eye of draining (D:12)
  3 ogres
  A wolf (D:8)
  4 centaurs
  A big kobold (D:5)
  A crocodile (D:12)
  A gnoll sergeant (D:12)
  8 bullfrogs
  2 scorpions
  8 killer bees
  6 howler monkeys
  A crimson imp (D:7)
  A centaur zombie (D:9)
  5 hounds
  A jelly (D:8)
  A gnoll shaman (D:5)
  12 orc priests
  Crazy Yiuf (D:2)
  4 iguanas
  24 orc wizards
  5 worker ants
  A killer bee zombie (D:9)
  A hound skeleton (D:8)
  A worker ant zombie (D:6)
  A howler monkey skeleton (D:6)
  12 adders
  7 gnolls
  A scorpion zombie (D:14)
  2 shadow imps
  An adder skeleton (D:4)
  2 worms
  2 dart slugs (D:1)
  4 leopard geckos
  83 orcs
  A ball python (D:5)
  6 giant cockroaches
  7 goblins
  8 hobgoblins
  14 jackals
  27 kobolds
  5 quokkas
  9 bats
  8 frilled lizards
  A giant cockroach zombie (D:5)
  6 orc skeletons
  3 quokka skeletons
  6 rats
372 creatures vanquished.

Vanquished Creatures (collateral kills)
  Nessos (D:14)
  2 deep elf annihilators (Elf:1)
  A deep elf death mage (Elf:1)
  The ghost of zyhmos the Cleaver, a journeyman MiBe of Trog (Orc:2)
  A centaur warrior (D:14)
  2 two-headed ogres
  2 dancing weapons
  An orc high priest (Orc:2)
  The ghost of chimenez the Basher, a novice TrFi of Okawaru (D:9)
  2 deep elf knights
  2 skeletal warriors (D:15)
  2 deep elf archers (Elf:1)
  18 deep elf magi
  A necromancer (D:15)
  5 ugly things
  8 orc sorcerers
  A cyclops (Orc:2)
  A centaur skeleton (D:15)
  2 freezing wraiths (D:14)
  A queen bee (D:8)
  5 trolls
  Grinder (D:3)
  3 hippogriffs
  A slime creature (D:13)
  A water elemental (Elf:2)
  An air elemental (Orc:2)
  A fire dragon skeleton (D:15)
  2 wyverns (D:13)
  A wraith (D:14)
  5 humans (D:14)
  3 hungry ghosts
  Grum (D:11)
  9 yaks
  2 fire elementals (Elf:1)
  10 wargs
  A human zombie (D:15)
  A water moccasin (D:12)
  A hornet zombie (D:10)
  3 ogres (Orc:2)
  14 orc warriors
  3 ice beasts
  A phantom (D:7)
  2 wolves (D:11)
  3 big kobolds
  A bullfrog (D:12)
  An earth elemental (Orc:2)
  A wyvern zombie (D:12)
  2 killer bees (D:12)
  A howler monkey (D:8)
  An electric eel (D:8)
  3 crimson imps
  A quasit (D:5)
  A bullfrog zombie (D:12)
  20 orc wizards
  A bullfrog skeleton (D:12)
  2 hounds
  6 orc priests
  2 jellies
  A water moccasin simulacrum (D:8)
  A bullfrog simulacrum (D:8)
  A hound zombie (D:7)
  4 adders
  A howler monkey skeleton (D:8)
  4 shadow imps
  A worker ant simulacrum (D:8)
  An adder simulacrum (D:8)
  A leopard gecko (D:9)
  31 orcs
  A quokka (D:7)
  A quokka skeleton (D:7)
  A plant (D:9)
222 creatures vanquished.

Vanquished Creatures (others)
  An ugly thing zombie (D:13)
  A deep elf mage (Elf:1)
  4 human skeletons (D:14)
  8 flying skulls
  2 wraiths
  A two-headed ogre skeleton (D:12)
  12 elf skeletons
  3 hippogriff skeletons
  3 wyvern skeletons
  2 warg skeletons
  3 wights
  5 yak skeletons
  A troll skeleton (D:14)
  A wolf skeleton (D:11)
  A bullfrog zombie (D:12)
  3 centaur skeletons
  A bullfrog skeleton (D:7)
  4 killer bee zombies (D:12)
  An ogre zombie (D:13)
  A big kobold zombie (D:12)
  A hound skeleton (D:13)
  2 howler monkey skeletons
  2 iguana skeletons (D:14)
  10 orc zombies
  2 adder skeletons
  35 orc skeletons
  A gnoll skeleton (D:12)
  A jackal skeleton (D:8)
  4 kobold zombies (D:12)
  2 withered plants (D:15)
118 creatures vanquished.

Grand Total: 712 creatures vanquished

Notes
Turn   | Place    | Note
-------+----------+-------------------------------------------
     0 | D:1      | lenfi the Naga Venom Mage began the quest for the Orb.
     0 | D:1      | Reached XP level 1. HP: 15/15 MP: 3/3
   222 | D:1      | Reached XP level 2. HP: 20/22 MP: 0/5
   271 | D:1      | Learned a level 2 spell: Poisonous Vapours
   890 | D:1      | Reached XP level 3. HP: 28/28 MP: 0/6
  1093 | D:1      | Learned a level 3 spell: Mephitic Cloud
  1537 | D:2      | Reached skill level 1 in Air Magic
  1929 | D:2      | Reached XP level 4. HP: 36/36 MP: 2/7
  2007 | D:2      | Reached skill level 5 in Poison Magic
  2587 | D:2      | Found a runed translucent door.
  2588 | D:2      | Noticed Crazy Yiuf
  2596 | D:2      | Killed Crazy Yiuf
  3009 | D:3      | Reached XP level 5. HP: 32/42 MP: 2/9
  3888 | D:3      | Noticed Grinder
  3894 | D:3      | Paralysed by Grinder for 6 turns
  3904 | D:3      | Paralysed by Grinder for 4 turns
  4258 | D:3      | Reached XP level 6. HP: 49/49 MP: 5/10
  4637 | D:4      | Learned a level 4 spell: Olgreb's Toxic Radiance
  4696 | D:4      | Found Effiv's General Store.
  5120 | D:5      | Entered Level 5 of the Dungeon
  5135 | D:5      | Reached XP level 7. HP: 53/55 MP: 8/12
  5186 | D:5      | Found Atumedi's Book Emporium.
  5217 | D:5      | Found a radiant altar of Vehumet.
  5537 | D:5      | Found a basalt altar of Yredelemnul.
  5791 | D:5      | Became a worshipper of Yredelemnul the Dark
  5802 | D:5      | Reached skill level 1 in Shields
  7224 | D:5      | Reached skill level 5 in Stealth
  7224 | D:5      | Reached skill level 1 in Invocations
  7224 | D:5      | Reached XP level 8. HP: 13/62 MP: 0/14
  7720 | D:6      | Learned a level 4 spell: Summon Lightning Spire
  8099 | D:6      | Reached skill level 1 in Summonings
  8113 | D:7      | Found Moikig's Book Emporium.
  8289 | D:6      | Reached * piety under Yredelemnul
  8522 | D:6      | You fall through a shaft for 3 floors!
  8525 | D:10     | Entered Level 10 of the Dungeon
  8625 | D:10     | Noticed a yak
  8625 | D:10     | Noticed a yak
  8625 | D:10     | Noticed a yak
  8625 | D:10     | Noticed a yak
  8625 | D:10     | Noticed a yak
  8642 | D:10     | Killed a yak
  8733 | D:10     | Noticed a yak
  8773 | D:10     | Killed a yak
  8800 | D:11     | Noticed a troll
  9265 | D:8      | Found a blossoming altar of Fedhas.
  9307 | D:9      | Reached skill level 5 in Summonings
  9519 | D:8      | Noticed a wyvern
  9611 | D:8      | Killed a wyvern
  9930 | D:8      | Found a transporter.
  9933 | D:8      | Found a transporter.
  9934 | D:8      | Noticed chimenez's ghost (novice TrFi)
  9935 | D:8      | Noticed a queen bee
  9937 | D:8      | Noticed a hornet
  9994 | D:8      | Reached XP level 9. HP: 68/68 MP: 4/15
 10972 | D:7      | Noticed a two-headed ogre
 10986 | D:7      | Killed a two-headed ogre
 10986 | D:7      | Reached skill level 5 in Invocations
 11241 | D:7      | Reached ** piety under Yredelemnul
 11892 | D:7      | Reached XP level 10. HP: 75/75 MP: 5/16
 12034 | D:7      | Found a staircase to the Ecumenical Temple.
 13100 | D:5      | Found a glowing golden altar of the Shining One.
 13333 | D:3      | Killed Grinder
 13333 | D:3      | Reached skill level 5 in Spellcasting
 14033 | D:9      | Reached skill level 1 in Fighting
 14127 | D:9      | Found a staircase to the Lair.
 14207 | D:9      | Learned a level 4 spell: Summon Ice Beast
 14673 | D:9      | Found a bloodstained altar of Trog.
 14679 | D:9      | Reached skill level 1 in Ice Magic
 14991 | D:9      | Found a sacrificial altar of Ru.
 15729 | D:10     | Found an ornate altar of the Wu Jian Council.
 16516 | D:10     | Reached skill level 5 in Ice Magic
 17368 | D:11     | Noticed Grum
 17377 | D:11     | Killed Grum
 17487 | D:11     | Reached skill level 1 in Evocations
 18279 | D:11     | Noticed Nergalle
 18582 | D:12     | Reached *** piety under Yredelemnul
 18667 | D:12     | Found a staircase to the Orcish Mines.
 18697 | D:12     | Reached XP level 11. HP: 84/84 MP: 2/21
 18698 | D:12     | Received a gift from Yredelemnul (a wight)
 18843 | D:12     | Noticed a two-headed ogre
 18851 | D:12     | Killed a two-headed ogre
 19502 | D:12     | You fall through a shaft for 2 floors!
 19507 | D:14     | Noticed a centaur warrior
 19518 | D:14     | Killed a centaur warrior
 19997 | D:13     | Noticed a red ugly thing
 20016 | D:13     | Killed a red ugly thing
 20083 | D:13     | Noticed an unseen horror
 20103 | D:13     | Killed an unseen horror
 20679 | D:12     | Reached **** piety under Yredelemnul
 21482 | D:13     | Noticed a seven-headed hydra
 21482 | D:13     | Noticed a deep elf mage
 21502 | D:13     | Killed a seven-headed hydra
 21531 | D:13     | Killed a deep elf mage
 21839 | D:13     | Found a shattered altar of Ashenzari.
 21996 | D:14     | Reached skill level 10 in Spellcasting
 22267 | D:14     | Noticed Nessos
 22281 | D:14     | Killed Nessos
 22467 | D:14     | Your ally Nessos died
 22616 | D:14     | Reached XP level 12. HP: 97/97 MP: 13/26
 22713 | D:14     | Reached skill level 10 in Summonings
 22713 | D:14     | Noticed a vault guard
 22970 | D:14     | Noticed a vault guard
 22977 | D:14     | Killed a vault guard
 23172 | D:14     | Noticed a centaur warrior
 23191 | D:14     | Killed a centaur warrior
 23437 | D:14     | Killed a vault guard
 23438 | D:14     | Received a gift from Yredelemnul (a wight)
 23526 | D:14     | Noticed a vault guard
 23540 | D:14     | Killed a vault guard
 23733 | D:14     | Found Ommidgh Zofi's Antique Weapon Shop.
 24016 | D:14     | Found a gate to the Vaults.
 24063 | D:15     | Entered Level 15 of the Dungeon
 24916 | D:15     | Noticed a vampire mage
 24917 | D:15     | Found a staircase to the Depths.
 25606 | D:9      | Killed chimenez's ghost
 25909 | Orc:1    | Entered Level 1 of the Orcish Mines
 25919 | Orc:1    | Received a gift from Yredelemnul (a wraith)
 26237 | Orc:2    | Entered Level 2 of the Orcish Mines
 26918 | Orc:2    | Found a flickering gateway to a bazaar.
 26951 | Orc:2    | Received a gift from Yredelemnul (a wight)
 26955 | Orc:2    | Gained mutation: You can use your snake-like lower body to
                  | constrict enemies. [Naga growth]
 26955 | Orc:2    | Reached XP level 13. HP: 96/103 MP: 3/28
 27101 | Orc:2    | Received a gift from Yredelemnul (5 flying skulls)
 27249 | Orc:2    | Found a staircase to the Elven Halls.
 27383 | Orc:2    | Reached ***** piety under Yredelemnul
 27531 | Orc:2    | Found a roughly hewn altar of Beogh.
 27537 | Orc:2    | Found Muiluma's Distillery.
 27537 | Orc:2    | Found Rutiala's General Store.
 27552 | Orc:2    | Bought a potion of curing for 39 gold pieces
 27552 | Orc:2    | Bought a potion of heal wounds for 65 gold pieces
 27552 | Orc:2    | Bought a potion of heal wounds for 65 gold pieces
 27552 | Orc:2    | Bought a potion of heal wounds for 65 gold pieces
 27868 | Orc:1    | Found Fumalagam's Magic Scroll Shoppe.
 28133 | Orc:1    | Found a roughly hewn altar of Beogh.
 28646 | Orc:2    | Found a roughly hewn altar of Beogh.
 28708 | Orc:2    | Found a runed translucent gate.
 28708 | Orc:2    | Found a runed translucent gate.
 28708 | Orc:2    | Found a runed translucent gate.
 28708 | Orc:2    | Noticed zyhmos's ghost (journeyman MiBe)
 28724 | Orc:2    | Killed zyhmos's ghost
 28915 | Orc:2    | Found Doipn's Distillery.
 28915 | Orc:2    | Found Syah's Antique Armour Boutique.
 28925 | Orc:2    | Bought a potion of curing for 45 gold pieces
 28925 | Orc:2    | Bought a potion of curing for 45 gold pieces
 28925 | Orc:2    | Bought a potion of heal wounds for 75 gold pieces
 28925 | Orc:2    | Bought a potion of curing for 45 gold pieces
 28925 | Orc:2    | Bought a potion of curing for 45 gold pieces
 28925 | Orc:2    | Bought 2 potions of heal wounds for 150 gold pieces
 29312 | Orc:2    | Received a gift from Yredelemnul (a wraith)
 29643 | Orc:1    | You fall through a shaft!
 29752 | Elf:1    | Entered Level 1 of the Elven Halls
 30400 | Orc:2    | Learned a level 7 spell: Summon Hydra
 30770 | Elf:1    | Found Zysk's Assorted Antiques.
 30776 | Elf:1    | Noticed a deep elf death mage
 30802 | Elf:1    | Killed a deep elf death mage
 30940 | Elf:1    | Bought a potion of heal wounds for 160 gold pieces
 32234 | Elf:1    | Received a gift from Yredelemnul (2 flying skulls)
 32614 | Elf:1    | Noticed a deep elf annihilator
 32617 | Elf:1    | Noticed a deep elf annihilator
 32662 | Elf:1    | Killed a deep elf annihilator
 33296 | Elf:1    | Reached XP level 14. HP: 99/111 MP: 3/31
 33577 | Elf:1    | Identified the Compendium of Combat Magic
 33601 | Elf:1    | Received a gift from Yredelemnul (2 flying skulls)
 33752 | Elf:1    | Killed a deep elf annihilator
 33818 | Orc:1    | Bought a scroll of enchant armour for 112 gold pieces
 33818 | Orc:1    | Bought a scroll of enchant armour for 112 gold pieces
 34045 | Elf:2    | Found a runed translucent gate.
 34045 | Elf:2    | Found a runed translucent gate.
 34045 | Elf:2    | Found a runed translucent gate.
 34349 | Elf:2    | Found Xarphaho's Gadget Boutique.
 34427 | Elf:2    | HP: 1/111 [+3 morningstar of venom (11)]
 34428 | Elf:1    | Succumbed to a +3 morningstar of venom's poison

Skill      XL: |  1  2  3  4  5  6  7  8  9 10 11 12 13 |
---------------+----------------------------------------+-----
Air Magic      | 1 2 3 4 |  4.0
Poison Magic   | 5 7 8 |  8.0
Conjurations   | 2 3 |  3.0
Spellcasting   | 3 4 7 10 11 13 | 13.8
Stealth        | 4 5 |  5.0
Shields        | 2 |  2.4
Invocations    | 1 2 5 6 |  6.0
Summonings     | 6 8 9 12 13 | 13.9
Fighting       | 1 3 |  3.0
Ice Magic      | 5 |  5.0
Evocations     | 2 3 |  3.0
Dodging        | |  1.5

Action                   |  1- 3 |  4- 6 |  7- 9 | 10-12 | 13-15 || total
-------------------------+-------+-------+-------+-------+-------++-------
Melee: Unarmed           |     6 |       |       |       |       ||     6
       Spear             |     1 |       |       |       |       ||     1
       Dagger            |    11 |    49 |   170 |    80 |     1 ||   311
       Hand axe          |       |     4 |     4 |     1 |       ||     9
       Staff             |       |       |       |    25 |     8 ||    33
       Constrict         |       |       |       |       |     1 ||     1
Throw: Stone             |     1 |       |     9 |       |       ||    10
       Javelin           |       |     6 |    19 |     1 |       ||    26
 Cast: Sting             |    10 |       |       |       |       ||    10
       Poisonous Vapours |    26 |    61 |   135 |   271 |   158 ||   651
       Mephitic Cloud    |       |     4 |     8 |    26 |    34 ||    72
       Olgreb's Toxic Ra |       |       |     2 |    21 |     6 ||    29
       Summon Lightning  |       |       |    10 |    83 |    33 ||   126
       Summon Ice Beast  |       |       |       |    38 |    56 ||    94
       Summon Hydra      |       |       |       |       |     3 ||     3
Invok: Animate Remains   |       |       |    22 |    29 |       ||    51
       Recall Undead Sla |       |       |       |    40 |     8 ||    48
       Stop Recall       |       |       |       |     5 |     2 ||     7
       Animate Dead      |       |       |       |    38 |    31 ||    69
       Injury Mirror     |       |       |       |     1 |       ||     1
 Abil: Spit Poison       |     5 |     6 |     8 |     6 |     2 ||    27
Evoke: Wand              |       |       |    13 |    20 |     2 ||    35
  Use: Potion            |       |     2 |     4 |     1 |     6 ||    13
       Scroll            |       |     8 |    13 |    12 |     8 ||    41
 Stab: Sleeping          |     5 |     4 |     2 |     4 |     1 ||    16
       Distracted        |       |       |     1 |       |       ||     1
       Paralysed         |       |       |       |     2 |       ||     2
  Eat: Chunk             |     3 |    12 |    23 |    48 |    23 ||   109
       Ration            |       |       |     2 |     6 |     2 ||    10
Armor: Robe              |     9 |    20 |    34 |       |    13 ||    76
       Leather armour    |       |       |       |    24 |       ||    24
       Troll leather arm |       |       |       |    23 |     1 ||    24
       Skin              |       |       |       |     2 |       ||     2
Dodge: Dodged            |    26 |    39 |   105 |   104 |    38 ||   312
Block: Buckler           |       |       |    21 |    83 |    36 ||   140
       Reflection        |       |       |       |     8 |    11 ||    19
